Map: Newkirk Precinct TE (Void)

Players

Darksider

  • Race: Terran Terran
  • League: Grandmaster
  • Spawn Location: 7:00

Railgan - Winner!

  • Race: Zerg Zerg
  • League: Master
  • Spawn Location: 5:00

VOD

Have the link to the VOD?

Description

Time

  • Played on: March 1, 2017, 2:35 p.m.
  • Length: 10:27
Show
View Real Time Build Order
Export as new Build Order

Darksider Terran 

Build Orders: Reaper Expand, MMM Bio 

Get SALT Encoding   

  12  0:00  SCV  
  13  0:12  SCV  
  14  0:18  Supply Depot  
  14  0:24  SCV  
  15  0:30  Refinery  
  15  0:40  SCV  
  16  0:47  Barracks  
  16  0:52  SCV  
  17  1:04  SCV  
  18  1:16  SCV  
  19  1:33  Reaper, Orbital Command  
  20  1:46  Command Center  
  20  1:57  Factory  
  20  2:00  SCV  
  21  2:08  Barracks Reactor  
  21  2:13  SCV  
  22  2:19  Supply Depot  
  22  2:22  Refinery  
  22  2:25  SCV  
  23  2:40  SCV  
  24  2:44  Starport  
  24  2:50  Hellion x2  
  28  2:53  SCV  
  28  2:55  Barracks Tech Lab  
  29  3:02  Orbital Command  
  29  3:06  SCV  
  29  3:17  Cyclone  
  32  3:26  Marauder  
  34  3:28  Bunker  
  34  3:37  Cyclone  
  38  3:55  SCV  
  39  3:56  Supply Depot  
  39  3:57  Viking  
  39  4:02  SCV  
  40  4:05  Hellion  
  40  4:09  Liberator, SCV  
  45  4:10  Hellion  
  45  4:14  SCV  
  46  4:21  SCV  
  47  4:25  Supply Depot  
  47  4:27  SCV  
  51  4:33  Hellion, SCV  
  54  4:47  SCV  
  54  4:48  Marine, Supply Depot, Stimpack  
  56  4:54  Supply Depot  
  56  4:55  SCV  
  56  4:59  SCV  
  58  5:07  SCV  
  59  5:08  Command Center  
  59  5:11  SCV  
  59  5:14  Starport Reactor  
  60  5:16  Liberator  
  60  5:22  SCV  
  60  5:23  Marine  
  60  5:25  Factory Tech Lab  
  60  5:26  Barracks  
  60  5:27  Bunker  
  62  5:33  SCV  
  62  5:35  SCV  
  67  5:39  Supply Depot  
  67  5:46  SCV  
  67  5:47  SCV  
  67  5:48  Siege Tank  
  67  5:49  Engineering Bay  
  72  5:50  Marine, Engineering Bay  
  73  5:58  SCV  
  73  6:00  Supply Depot  
  73  6:01  Bunker  
  73  6:02  SCV  
  75  6:07  Refinery  
  75  6:08  Marine  
  75  6:10  SCV  
  74  6:14  SCV  
  74  6:16  Missile Turret  
  74  6:17  Missile Turret  
  75  6:22  Orbital Command  
  75  6:29  Barracks Reactor  
  75  6:31  Terran Infantry Armor Level 1, Terran Infantry Weapons Level 1  
  74  6:40  Marine  
  74  6:44  Refinery  
  71  6:47  Widow Mine  
  71  6:50  Combat Shields  
  73  6:55  Liberator  
  73  6:58  Marine  
  73  7:00  Barracks  
  68  7:01  Barracks x2  
  68  7:03  Liberator  
  68  7:07  SCV  
  68  7:08  SCV  
  70  7:09  Marine  
  74  7:16  Marine  
  74  7:19  SCV  
  79  7:29  Marine  
  77  7:30  Marine  
  77  7:31  SCV x2  
  77  7:34  Marine, Supply Depot  
  77  7:35  Supply Depot x2, Orbital Command  
  82  7:38  Armory  
  82  7:47  Marine  
  82  7:48  Marine  
  82  7:49  Marine x2  
  84  7:54  Marine  
  84  8:00  Siege Tank  
  84  8:02  Barracks Reactor  
  84  8:04  SCV x2  
  84  8:05  Medivac, Marine x2  
  91  8:06  Medivac  
  91  8:07  SCV  
  91  8:08  Marine x2  
  98  8:16  SCV  
  98  8:18  Barracks  
  98  8:19  Marine, Barracks  
  100  8:20  SCV  
  100  8:23  Marine  
  103  8:28  Marine x2  
  103  8:29  Marine  
  105  8:40  Liberator  
  92  8:43  Marine x2  
  92  8:46  Marine x2  
  92  8:47  Marine x3  
  65  8:56  Siege Tank  
  65  9:01  Marine x2  
  73  9:04  Marine x2, Marauder  
  73  9:05  Marine, Concussive Shells  
  79  9:11  Orbital Command  
  79  9:12  Marine  
  79  9:13  Barracks Tech Lab  
  79  9:19  Marine x2, Barracks Reactor  
  79  9:22  Marine x2  
  79  9:23  Marine  
  84  9:26  Marauder  
  85  9:35  Marine x2  
  85  9:37  Marine x2  
  79  9:45  Marine x2  
  74  9:46  Marine  
  74  9:47  Marauder  
  79  9:53  Marine  
  79  9:54  Marine, Marauder  
  79  9:55  Marine  
  82  10:03  Marine  
  82  10:05  Barracks Reactor  
  80  10:09  Marine x2  
Show
View Real Time Build Order
Export as new Build Order

Railgan Zerg - Winner!

Build Orders: Pool First 

Get SALT Encoding   

  12  0:01  Drone  
  13  0:13  Overlord  
  13  0:18  Drone  
  14  0:32  Drone x2  
  16  0:39  Drone  
  17  0:49  Spawning Pool  
  16  0:50  Drone  
  18  0:57  Drone  
  18  1:11  Extractor  
  18  1:16  Hatchery  
  16  1:18  Drone  
  16  1:22  Drone  
  18  1:39  Roach Warren, Zergling x2  
  18  1:44  Queen  
  20  1:48  Drone  
  20  1:51  Drone  
  22  2:03  Overlord  
  22  2:23  Queen  
  22  2:25  Roach x2  
  22  2:29  Roach  
  30  2:31  Queen  
  32  2:38  Drone  
  33  2:45  Overlord  
  33  2:47  Drone  
  34  2:54  Drone  
  34  2:56  Drone  
  36  3:02  Lair  
  36  3:06  Drone  
  36  3:09  Extractor  
  36  3:12  Drone x2  
  38  3:18  Drone x2  
  40  3:24  Overlord  
  40  3:27  Drone  
  40  3:30  Drone  
  42  3:35  Drone x2  
  44  3:43  Drone x3  
  44  3:45  Drone  
  48  3:51  Drone x2  
  50  3:55  Overlord  
  50  3:59  Extractor  
  49  4:03  Drone x2  
  49  4:05  Extractor  
  49  4:09  Spire  
  49  4:11  Overlord  
  49  4:14  Drone  
  49  4:15  Drone  
  51  4:25  Drone  
  51  4:26  Drone x2  
  51  4:27  Drone  
  51  4:30  Overlord  
  55  4:33  Drone x2  
  55  4:37  Roach  
  59  4:41  Overlord  
  59  4:47  Overlord  
  59  4:50  Roach  
  61  4:54  Roach  
  61  4:56  Glial Reconstitution  
  63  5:02  Roach  
  63  5:03  Roach  
  63  5:05  Queen  
  69  5:09  Queen  
  71  5:15  Overlord  
  71  5:16  Overlord  
  71  5:33  Mutalisk  
  71  5:34  Mutalisk x4  
  81  5:40  Mutalisk  
  83  5:53  Hatchery  
  81  6:05  Drone  
  81  6:10  Overlord  
  82  6:11  Drone x2  
  82  6:18  Drone x2  
  86  6:19  Evolution Chamber, Overlord  
  86  6:20  Evolution Chamber  
  86  6:22  Drone  
  85  6:26  Drone x3  
  85  6:27  Drone  
  85  6:28  Drone  
  88  6:43  Drone x4  
  92  6:50  Zerg Missile Weapons Level 1, Zerg Ground Armor Level 1  
  92  6:53  Drone x4  
  96  6:56  Drone  
  96  7:00  Drone x3  
  100  7:05  Overlord  
  100  7:06  Drone  
  101  7:11  Overlord  
  101  7:17  Extractor  
  101  7:19  Drone x2  
  101  7:20  Extractor, Drone  
  102  7:25  Overlord  
  102  7:28  Roach  
  102  7:29  Roach x2  
  108  7:31  Hatchery  
  108  7:34  Ravager x8  
  108  7:35  Roach x2  
  119  7:41  Overlord, Roach  
  119  7:44  Roach x3  
  127  7:53  Roach  
  127  7:54  Roach x4  
  127  7:58  Drone  
  138  8:00  Drone x2  
  138  8:03  Roach x2  
  138  8:05  Roach  
  146  8:09  Overlord  
  146  8:10  Overlord  
  146  8:12  Overlord  
  146  8:14  Overlord  
  146  8:15  Overlord  
  146  8:16  Overlord  
  146  8:20  Overlord  
  146  8:33  Roach x4  
  153  8:46  Roach x6  
  153  8:48  Roach x2  
  143  8:54  Roach x5  
  136  8:59  Roach x3  
  142  9:08  Roach x5  
  152  9:11  Drone  
  154  9:17  Ravager x7  
  154  9:18  Drone, Roach  
  154  9:22  Roach x4  
  168  9:34  Roach x7  
  168  9:38  Roach  
  172  9:39  Roach x3  
  172  9:40  Roach  
  172  9:45  Roach x4  
  173  9:47  Drone  
  175  9:52  Ravager  
  175  9:53  Ravager  
  175  9:54  Drone x3  
  175  9:56  Extractor x2  
  177  10:03  Roach  
  177  10:04  Roach  
Tags
 
Add a new tag
Caveats
  • Supply blocks, unpowered buildings, or Contaminate may cause inaccurate times.
  • Supply counts are checked every 10 seconds.